 Dungeon Crawl Stone Soup version 0.24-a0-613-g1ff6aac338 (webtiles) character file.

Game seed: 11294053218537858806, levelgen mode: deterministic

86247 CornEater the Geomancer (level 15, -2/93 HPs)
             Began as a Gargoyle Earth Elementalist on Sept 12, 2019.
             Was a High Priest of Vehumet.
             Hit by a large rock thrown by a stone giant (38 damage)
             ... on level 1 of the Orcish Mines.
             The game lasted 01:28:20 (26227 turns).

CornEater the Geomancer (GrEE)                     Turns: 26227, Time: 01:28:21

Health: -2/93      AC: 19    Str: 12    XL:     15   Next: 86%
Magic:  7/38       EV: 17    Int: 28    God:    Vehumet [*****.]
Gold:   2155       SH:  0    Dex: 12    Spells: 10/35 levels left

rFire    + + .     SeeInvis +   y - +9 mace "Ewiamudgh" {crush, +Rage +Inv rPois Int+2}
rCold    + . .     Gourm    +   (no shield)
rNeg     + . .     Faith    .   k - +2 robe {rC+ rF+}
rPois    ∞         Spirit   .   q - +3 crown of Dyrovepreva {rElec Int+2 SInv}
rElec    +         Reflect  .   (no cloak)
rCorr    .         Harm     .   R - +0 pair of gloves
MR       +....                  (no boots)
Stlth    ++........             l - amulet of the gourmand
HPRegen  0.25/turn              w - ring of magical power
MPRegen  0.26/turn              E - ring of protection from fire

@: flying
A: big wings, thin skeletal structure 1, clever 1, deformed body, negative
energy resistance 1, electricity resistance, unbreathing, petrification
resistance, rot immunity, AC +11
a: Stop Flying, Renounce Religion, Evoke Berserk Rage, Evoke Invisibility


You were on level 1 of the Orcish Mines.
You worshipped Vehumet.
Vehumet was extremely pleased with you.
You were completely stuffed.

You visited 4 branches of the dungeon, and saw 23 of its levels.

You collected 2693 gold pieces.
You spent 538 gold pieces at shops.

Inventory:

Hand Weapons
 c - a +2 flail of protection
 s - a +0 morningstar
 x - the +9 sword of Zonguldrok {reap}
   (You found it on level 7 of the Dungeon)

   If a monster killed with it leaves a corpse in good enough shape, the corpse
   will be animated as a zombie friendly to the killer.
 y - the +9 mace "Ewiamudgh" (weapon) {crush, +Rage +Inv rPois Int+2}
   (You found it on level 8 of the Dungeon)

   It inflicts extra damage upon your enemies.
   It affects your intelligence (+2).
   It protects you from poison.
   It lets you turn invisible.
   It lets you go berserk.
 C - a +0 morningstar of protection
Missiles
 b - 145 stones (quivered)
 j - 4 silver javelins
Armour
 k - a +2 robe of resistance (worn)
 q - the +3 crown of Dyrovepreva (worn) {rElec Int+2 SInv}
   (You bought it in a shop on level 11 of the Dungeon)

   It affects your intelligence (+2).
   It insulates you from electricity.
   It lets you see invisible.
 R - a +0 pair of gloves (worn)
Jewellery
 l - an amulet of the gourmand (around neck)
 w - a ring of magical power (left hand)
 E - a ring of protection from fire (right hand)
 G - an uncursed ring of protection from magic
 N - a +2 ring of intelligence
 S - the ring "Seur" {rElec rF- MP+9 Dex+3}
   (You found it on level 4 of the Lair of Beasts)

   [ring of magical power]

   It affects your dexterity (+3).
   It makes you vulnerable to fire.
   It insulates you from electricity.
   It affects your magic capacity (+9).
Wands
 o - a wand of iceblast (5)
 t - a wand of polymorph (2)
 v - a wand of scattershot (8)
 z - a wand of paralysis (25)
 A - a wand of flame (27)
 B - a wand of random effects (22)
 I - a wand of digging (2)
 T - a wand of clouds (3)
 U - a wand of enslavement (8)
Scrolls
 g - 6 scrolls of remove curse
 i - 8 scrolls of blinking
 m - 4 scrolls of fog
 F - a scroll of magic mapping
 H - 8 scrolls of teleportation
 M - 2 scrolls of enchant weapon
 O - 7 scrolls of identify
 V - a scroll of amnesia
Potions
 a - 2 potions of flight
 e - 4 potions of ambrosia
 f - 2 potions of might
 h - 7 potions of heal wounds
 n - 9 potions of curing
 p - 5 potions of lignification
 r - a potion of agility
 u - a potion of haste
 J - 2 potions of invisibility
 K - 2 potions of magic
 L - a potion of brilliance
Miscellaneous
 D - a lightning rod (inert)
 P - a phantom mirror
 Q - a phial of floods
 W - a sack of spiders
Comestibles
 d - 48 rations


   Skills:
 + Level 10.9 Fighting
 + Level 10.0 Maces & Flails
 - Level 6.0 Armour
 + Level 8.8 Dodging
 - Level 2.1 Stealth
 + Level 10.6 Spellcasting
 + Level 12.0 Conjurations
   Level 0.7 Transmutations
 * Level 6.6 Fire Magic
 + Level 13.5 Earth Magic
 - Level 6.0 Evocations


You had 10 spell levels left.
You knew the following spells:

 Your Spells              Type           Power        Failure   Level  Hunger
a - Sandblast             Erth           ######       0%          1    None
b - Stone Arrow           Conj/Erth      ######       1%          3    None
c - Lee's Rapid Deconstr  Erth           ######....   1%          5    ###....
d - Venom Bolt            Conj/Pois      #####.....   2%          5    ###....
e - Bolt of Magma         Conj/Fire/Erth ######....   1%          5    ###....
f - Bolt of Fire          Conj/Fire      ######....   3%          6    #####..

Your spell library contained the following spells:

 Spells                   Type           Power        Failure   Level  Hunger
 Magic Dart               Conj           ####         1%          1    None
 Sting                    Conj/Pois      ####         1%          1    None
 Passwall                 Tmut/Erth      ######..     1%          2    None
 Searing Ray              Conj           ######       1%          2    None
 Conjure Flame            Conj/Fire      ######..     1%          3    None
 Dazzling Spray           Conj/Hex       #####.       1%          3    None
 Mephitic Cloud           Conj/Pois/Air  #####...     1%          3    None
 Force Lance              Conj/Tloc      #####...     1%          4    None
 Fulminant Prism          Conj/Hex       #####.....   1%          4    None
 Iskenderun's Mystic Bla  Conj           ######..     1%          4    None
 Petrify                  Tmut/Erth      ######..     1%          4    None
 Bolt of Draining         Conj/Necr      #####.....   2%          5    ###....
 Blink                    Tloc           N/A          6%          2    None
 Call Imp                 Summ           ##......     6%          2    None
 Corpse Rot               Necr           N/A          6%          2    None
 Poisonous Vapours        Pois/Air       ##....       6%          2    None
 Slow                     Hex            ##......     6%          2    None
 Olgreb's Toxic Radiance  Pois           ##......     11%         4    None
 Agony                    Necr           ##......     71%         5    ###....
 Dispel Undead            Necr           ##......     71%         5    ###....
 Excruciating Wounds      Chrm/Necr      ##........   71%         5    ###....
 Sublimation of Blood     Necr           Unusable     N/A         2    N/A

Dungeon Overview and Level Annotations

Branches:
Dungeon (15/15)            Temple (1/1) D:4            Lair (6/6) D:9
  Swamp (0/4) Lair:2        Snake (0/4) Lair:3        Slime (0/5) Lair:6
    Orc (1/2) D:10         Vaults (0/5) D:13         Depths (0/5) D:15

Altars:
Ashenzari
Cheibriados
Dithmenos
Elyvilon
Fedhas
Gozag
Hepliaklqana
Kikubaaqudgha
Makhleb
Nemelex Xobeh
Okawaru
Qazlal
Ru
Sif Muna
Trog
Uskayaw
Vehumet
Wu Jian
Xom
Yredelemnul
Zin
The Shining One
Beogh

Shops:
D:5 }   D:11 [   D:12 (

Annotations:
D:12 1 runed translucent door


Innate Abilities, Weirdness & Mutations

You are resistant to torment.
Your stone body is resilient. (AC +11)
You are immune to poison.
Your large and strong wings let you fly indefinitely.
You resist negative energy. (rN+)
You are resistant to electric shocks. (rElec)
You can survive without breathing.
You are immune to petrification.
You are immune to rotting.
You have a somewhat thin skeletal structure. (Dex +2, Stealth)
Your mind is acute. (Int +2)
Armour fits poorly on your strangely shaped body.


Message History

Vehumet accepts your kill.
You feel your power returning.
The stone giant throws a large rock.
The large rock hits you!
Casting: Stone Arrow (safe; 1% risk of failure)
Confirm with . or Enter, or press ? or * to list all spells.
Aiming: Stone Arrow (safe; 1% risk of failure)
Press: ? - help, Shift-Dir - straight line, f - orc
Aim: an orc, wearing a +0 leather armour The stone arrow hits the orc!
You kill the orc!
Vehumet accepts your kill.
Casting: Stone Arrow (safe; 1% risk of failure)
Confirm with . or Enter, or press ? or * to list all spells.
Aiming: Stone Arrow (safe; 1% risk of failure)
Press: ? - help, Shift-Dir - straight line, f - stone giant
Aim: a stone giant The stone arrow hits the stone giant!!
The stone giant is moderately wounded.
The stone giant throws a large rock.
The large rock hits you!!!
You die...

## ##. #.. .
###.. ## $#
##....###.#...
.#......#.....#
.............#
.......@..#
........).#
.....$..†..#
.........C)#
.......$..$o.
...........#..
....$..#.......
..#.... #..#...


You could see a stone giant and an orc warrior.

Vanquished Creatures
  Rupert (D:13)
  Azrael (D:12)
  Nessos (Lair:6)
  8 hydras
  5 catoblepae
  5 centaur warriors
  Erica (Lair:1)
  4 two-headed ogres
  A tengu warrior (D:14)
  8 death yaks
  Nergalle (D:11)
  8 skeletal warriors
  A flayed ghost (D:9)
  2 unseen horrors
  Pikel (D:9)
  An orc knight (D:13)
  A deep elf mage (D:13)
  6 ugly things
  5 oklob plants
  4 manticores
  A centaur zombie (D:12)
  5 cyclopes
  20 elephants
  3 black mambas
  2 gargoyles (D:13)
  2 rime drakes
  2 torpor snails
  An eye of devastation (Lair:6)
  6 spiny frogs
  3 komodo dragons
  A kobold demonologist (D:13)
  6 trolls
  A troll (shapeshifter) (D:13)
  4 polar bears
  A polar bear (shapeshifter) (D:12)
  3 slime creatures
  A hornet (D:8)
  13 hippogriffs
  9 dream sheep (Lair:6)
  4 shadows
  3 wyverns
  A vampire (D:13)
  A redback (D:12)
  16 humans (D:13)
  A wraith (D:13)
  2 fire elementals (D:12)
  A fire bat (D:10)
  45 yaks
  A basilisk (Lair:1)
  3 vampire mosquitoes (D:14)
  A steam dragon (D:11)
  A redback simulacrum (D:12)
  2 hungry ghosts
  A warg (D:13)
  An acid dragon (D:12)
  4 nagas (Lair:3)
  5 hell hounds (D:12)
  14 water moccasins
  6 porcupines
  3 orc warriors
  6 sky beasts
  4 slaves (D:9)
  2 ice beasts
  3 black bears
  10 ogres
  A necrophage (D:9)
  3 phantoms
  2 eyes of draining
  3 boggarts (D:14)
  9 wolves
  12 centaurs
  14 crocodiles
  4 big kobolds
  Blork the orc (D:4)
  19 bullfrogs
  A wyvern zombie (D:11)
  A wyvern skeleton (D:8)
  7 scorpions
  14 wights
  A killer bee (D:12)
  4 electric eels (Lair:2)
  4 howler monkeys
  2 quasits
  6 jellies
  A wyvern simulacrum (D:14)
  9 hounds
  10 orc priests
  A bullfrog zombie (D:7)
  19 orc wizards
  A bullfrog skeleton (D:11)
  3 centaur skeletons
  Jessica (D:2)
  Terence (D:2)
  4 iguanas
  Natasha (thrice) (D:2)
  7 hell rats (Lair:6)
  10 worker ants
  A killer bee zombie (D:9)
  3 hound skeletons
  A worker ant zombie (D:7)
  A howler monkey skeleton (D:4)
  17 adders
  4 shadow imps
  An ooze (D:2)
  An adder zombie (D:9)
  3 adder skeletons
  5 worms
  4 dart slugs
  6 leopard geckos
  43 orcs
  9 giant cockroaches
  8 goblins
  7 hobgoblins
  14 jackals
  18 kobolds
  3 quokkas
  7 bats
  A frilled lizard (D:4)
  11 rats
  3 bushes (Lair:2)
  A fungus (Lair:1)
  8 plants (Lair:2)
648 creatures vanquished.

Vanquished Creatures (collateral kills)
  An elephant (Lair:4)
  An orc wizard (D:7)
2 creatures vanquished.

Vanquished Creatures (others)
  A black bear (D:12)
  An eye of draining (D:12)
  A centaur (D:12)
  A wyvern skeleton (D:12)
  An iguana (D:13)
  An orc (D:12)
  2 bushes (Lair:6)
  5 fungi
  12 plants
25 creatures vanquished.

Grand Total: 675 creatures vanquished

Notes
Turn   | Place    | Note
-------+----------+-------------------------------------------
     0 | D:1      | CornEater the Gargoyle Earth Elementalist began the quest
                  | for the Orb.
     0 | D:1      | Reached XP level 1. HP: 10/10 MP: 3/3
   147 | D:1      | Reached skill level 4 in Earth Magic
   147 | D:1      | Reached XP level 2. HP: 12/15 MP: 0/5
   915 | D:1      | Reached XP level 3. HP: 15/19 MP: 4/6
   920 | D:1      | Learned a level 3 spell: Stone Arrow
   981 | D:1      | You fall into a shaft and drop 1 floor!
  1050 | D:2      | Reached skill level 1 in Conjurations
  1050 | D:2      | Reached XP level 4. HP: 24/24 MP: 0/8
  1278 | D:2      | Found an opulent altar of Gozag.
  1572 | D:2      | Found a burning altar of Makhleb.
  1574 | D:2      | Found a glowing silver altar of Zin.
  1574 | D:2      | Noticed an angel
  1575 | D:2      | Noticed a cacodemon
  1598 | D:2      | Noticed Jessica
  1652 | D:2      | Killed Jessica
  1652 | D:2      | Reached skill level 5 in Earth Magic
  1652 | D:2      | Reached XP level 5. HP: 22/28 MP: 6/9
  1663 | D:2      | Learned a level 5 spell: Lee's Rapid Deconstruction
  2020 | D:2      | Noticed Terence
  2216 | D:3      | Reached XP level 6. HP: 28/32 MP: 8/11
  2747 | D:2      | Killed Terence
  3073 | D:2      | Noticed Natasha
  3078 | D:2      | Killed Natasha
  3332 | D:2      | Noticed Natasha
  3356 | D:2      | Killed Natasha
  3356 | D:2      | Reached skill level 6 in Earth Magic
  3829 | D:2      | Found a glowing silver altar of Zin.
  3834 | D:2      | Found a burning altar of Makhleb.
  4085 | D:2      | Noticed Natasha
  4089 | D:2      | Killed Natasha
  4144 | D:2      | Found an opulent altar of Gozag.
  4260 | D:4      | Reached XP level 7. HP: 36/36 MP: 5/13
  4607 | D:4      | Found a shadowy altar of Dithmenos.
  4800 | D:4      | Found a staircase to the Ecumenical Temple.
  4812 | Temple   | Entered the Ecumenical Temple
  4911 | Temple   | Became a worshipper of Vehumet
  4983 | D:4      | Found a basalt altar of Yredelemnul.
  4983 | D:4      | Noticed Blork the orc
  4989 | D:4      | Killed Blork the orc
  4989 | D:4      | Reached skill level 7 in Earth Magic
  4991 | D:4      | Noticed a profane servitor
  5058 | D:4      | Found a glowing golden altar of the Shining One.
  5140 | D:4      | Noticed an angel
  5165 | D:5      | Entered Level 5 of the Dungeon
  5192 | D:5      | Reached skill level 5 in Spellcasting
  5303 | D:5      | Reached skill level 5 in Conjurations
  5303 | D:5      | Reached XP level 8. HP: 37/41 MP: 8/15
  5629 | D:5      | Reached skill level 1 in Fighting
  5629 | D:5      | Reached skill level 1 in Maces & Flails
  5629 | D:5      | Reached skill level 1 in Armour
  5765 | D:5      | Found Juilesewk's Gadget Emporium.
  5774 | D:5      | Reached skill level 1 in Evocations
  6244 | D:6      | Found an iron altar of Okawaru.
  6757 | D:7      | Reached * piety under Vehumet
  6757 | D:7      | Offered knowledge of Magic Dart by Vehumet.
  6859 | D:7      | Reached XP level 9. HP: 49/49 MP: 9/17
  7039 | D:7      | Found the +9 sword of Zonguldrok {reap}
  7768 | D:7      | Reached skill level 8 in Earth Magic
  7963 | D:8      | Offered knowledge of Searing Ray by Vehumet.
  7965 | D:8      | Reached ** piety under Vehumet
  8063 | D:8      | Noticed a hornet
  8074 | D:8      | Killed a hornet
  8420 | D:8      | Found a white marble altar of Elyvilon.
  8446 | D:8      | Got a slimy mace
  8447 | D:8      | Identified the +9 mace "Ewiamudgh" {crush, +Rage +Inv rPois
                  | Int+2} (You found it on level 8 of the Dungeon)
  9185 | D:9      | Found a shimmering altar of Xom.
  9185 | D:9      | Noticed a troll
  9189 | D:9      | Killed a troll
  9200 | D:9      | Reached XP level 10. HP: 56/56 MP: 19/19
  9243 | D:9      | Noticed a cyclops
  9253 | D:9      | Noticed a flayed ghost
  9256 | D:9      | Found a sacrificial altar of Ru.
  9263 | D:9      | Found a transporter.
  9277 | D:9      | Found a transporter.
  9290 | D:9      | Noticed a two-headed ogre
  9299 | D:9      | Killed a two-headed ogre
  9299 | D:9      | Reached skill level 9 in Earth Magic
  9311 | D:9      | Offered knowledge of Static Discharge by Vehumet.
  9616 | D:9      | Found a staircase to the Lair.
  9680 | D:9      | Found a shimmering blue altar of Sif Muna.
  9692 | D:9      | Found a hide-covered altar of Uskayaw.
  9693 | D:9      | Found an ornate altar of the Wu Jian Council.
  9693 | D:9      | Found a hazy altar of Hepliaklqana.
  9998 | D:9      | Noticed Pikel
 10007 | D:9      | Killed Pikel
 10278 | D:9      | Killed a cyclops
 10278 | D:9      | Reached skill level 5 in Fighting
 10278 | D:9      | Killed a flayed ghost
 10278 | D:9      | Reached skill level 5 in Armour
 10278 | D:9      | Reached XP level 11. HP: 32/64 MP: 21/21
 10422 | D:10     | Entered Level 10 of the Dungeon
 10769 | D:10     | Found a staircase to the Orcish Mines.
 10775 | D:10     | Reached skill level 5 in Maces & Flails
 10781 | D:10     | Found a roughly hewn altar of Beogh.
 10785 | D:10     | Reached *** piety under Vehumet
 11088 | D:11     | Offered knowledge of Iskenderun's Mystic Blast by Vehumet.
 11633 | D:11     | Found Fiserchitt's Armour Emporium.
 11641 | D:11     | Bought the +3 crown of Dyrovepreva {rElec Int+2 SInv} for
                  | 538 gold pieces
 11641 | D:11     | Found the +3 crown of Dyrovepreva {rElec Int+2 SInv}
 11724 | D:11     | Noticed Nergalle
 11730 | D:11     | Killed Nergalle
 11730 | D:11     | Reached skill level 5 in Evocations
 11764 | D:11     | Reached skill level 5 in Dodging
 11887 | D:11     | Noticed an unseen horror
 11909 | D:11     | Killed an unseen horror
 11909 | D:11     | Reached **** piety under Vehumet
 12273 | D:12     | Noticed a two-headed ogre
 12277 | D:12     | a two-headed ogre changed into a redback
 12280 | D:12     | Reached skill level 10 in Earth Magic
 12353 | D:12     | Noticed a five-headed hydra
 12356 | D:12     | Killed a five-headed hydra
 12368 | D:12     | Offered knowledge of Sticky Flame by Vehumet.
 12368 | D:12     | Reached XP level 12. HP: 69/71 MP: 3/23
 12623 | D:12     | Learned a level 5 spell: Venom Bolt
 12689 | D:12     | Found a runed translucent door.
 12710 | D:12     | Found Oxoex's Weapon Shop.
 13043 | D:12     | Found a runed translucent door.
 13573 | D:12     | Noticed a two-headed ogre
 13580 | D:12     | Killed a two-headed ogre
 13756 | D:12     | Identified a scroll of acquirement
 13769 | D:12     | Reached ***** piety under Vehumet
 13776 | D:12     | Noticed Azrael
 13786 | D:12     | Killed Azrael
 13786 | D:12     | Offered knowledge of Bolt of Draining by Vehumet.
 13839 | D:12     | Noticed an eight-headed hydra
 14111 | D:12     | Killed an eight-headed hydra
 14568 | D:13     | Found a gate to the Vaults.
 14568 | D:13     | Noticed Rupert
 14568 | D:13     | Noticed a centaur warrior
 14568 | D:13     | Noticed a centaur warrior
 14573 | D:13     | Reached skill level 11 in Earth Magic
 14573 | D:13     | Killed a centaur warrior
 14573 | D:13     | Killed Rupert
 14573 | D:13     | Reached XP level 13. HP: 70/78 MP: 25/25
 14705 | D:13     | Reached skill level 10 in Conjurations
 15744 | D:13     | Gained mutation: Armour fits poorly on your strangely
                  | shaped body. [potion of mutation]
 15744 | D:13     | Gained mutation: Your mind is acute. (Int +2) [potion of
                  | mutation]
 15744 | D:13     | Gained mutation: You have a somewhat thin skeletal
                  | structure. (Dex +2, Stealth) [potion of mutation]
 15755 | D:13     | You fall into a shaft and drop 2 floors!
 15755 | D:15     | Entered Level 15 of the Dungeon
 15886 | D:14     | Reached skill level 12 in Earth Magic
 16115 | D:14     | Gained mutation: Your large and strong wings let you fly
                  | indefinitely. [Gargoyle growth]
 16115 | D:14     | Reached XP level 14. HP: 85/86 MP: 25/27
 16744 | D:14     | Found an iron altar of Okawaru.
 17486 | Lair:1   | Entered Level 1 of the Lair of Beasts
 17595 | Lair:1   | Found the +18 shield of the Gong {rElec rN+ MR+ EV-5}
 17778 | Lair:1   | Offered knowledge of Bolt of Magma by Vehumet.
 17882 | Lair:1   | Noticed Erica
 17885 | Lair:1   | Killed Erica
 17892 | Lair:1   | Learned a level 5 spell: Bolt of Magma
 18461 | Lair:2   | Reached skill level 1 in Fire Magic
 18660 | Lair:2   | Found a blossoming altar of Fedhas.
 18985 | Lair:2   | Found a staircase to the Swamp.
 19997 | Lair:3   | Reached skill level 10 in Fighting
 20038 | Lair:3   | Reached skill level 10 in Spellcasting
 20645 | Lair:3   | Found a staircase to the Snake Pit.
 21101 | Lair:4   | Got a twitching platinum ring
 21102 | Lair:4   | Identified the ring "Seur" {rElec rF- MP+9 Dex+3} (You
                  | found it on level 4 of the Lair of Beasts)
 21721 | Lair:4   | Reached XP level 15. HP: 92/92 MP: 16/29
 22073 | Lair:4   | Reached skill level 13 in Earth Magic
 23537 | Lair:5   | Reached skill level 5 in Fire Magic
 23631 | Lair:6   | Entered Level 6 of the Lair of Beasts
 23631 | Lair:6   | Noticed Nessos
 23634 | Lair:6   | Killed Nessos
 23855 | Lair:6   | Offered knowledge of Bolt of Fire by Vehumet.
 24158 | Lair:5   | Learned a level 6 spell: Bolt of Fire
 24538 | Lair:6   | Found a staircase to the Slime Pits.
 25545 | Lair:6   | Reached skill level 10 in Maces & Flails
 26213 | Orc:1    | Entered Level 1 of the Orcish Mines
 26227 | Orc:1    | Hit by a large rock thrown by a stone giant

Levels and vault maps discovered:
D:1:      lemuel_arrival_broad_hall, layout_loops_ring,
          ebering_dispersal_statue_hall
D:2:      layout_loops_corners, grunt_temple_overflow_order_and_chaos_2,
          grunt_gozag_breadcrumbs, uniq_jessica, uniq_natasha, uniq_terence
D:3:      layout_rooms, minmay_fractal_squares_diagonal_5
D:4:      layout_gridville, grunt_temple_overflow_holy_war,
          grunt_dithmenos_smoke_and_mirrors, minmay_temple_entry_trees,
          uniq_blork_the_orc
D:5:      layout_gridville, first_ration, serial_shops, shop,
          lemuel_flamethrower_2
D:6:      layout_rooms, old_standard_altar, kennysheep_small_square
D:7:      layout_cave_pods
D:8:      layout_gridville, blue_anna_alchemist [blue_anna_fruit_fields,
          blue_anna_fruit_fields], elyvilon_altar_5
D:9:      layout_loops_cross, overflow_temple_1_default, minitemple,
          gammafunk_temple_overflow_arena, grunt_lair_entry_orc_guard_hut,
          uniq_pikel
D:10:     layout_rooms, minmay_orc_entry_temple_small
D:11:     layout_stronghold, serial_shops, shop_fountains, uniq_nergalle
D:12:     cheibrodos_histonic, layout_loops_ring, serial_shops,
          nicolae_shop_window_shopping, uniq_azrael
D:13:     layout_roguey, david_vaults_3, st_stairs_6
D:14:     layout_basic, minivault_26, basic_altar,
          hangedman_abyss_or_decor_lesser_grid, due_unseen_surprise, uniq_rupert
D:15:     hangedman_depths_entry_try_elsewhere_first, layout_gridville,
          special_room [special_room_orc], ebering_ghost_reflecting_pool,
          minivault_19
Temple:   nicolae_temple_figure_zero
Lair:1:   layout_roguey, uniq_erica
Lair:2:   layout_loops_ring, swamp_mist_pool, serial_bayou_ford_a, tgw_fedhas,
          serial_bayou_shore_a
Lair:3:   layout_roguey, minmay_snake_entry_guardpost_small, beast_lair_carwin_1
Lair:4:   layout_regular_city, minmay_lair_oklob_chamber
Lair:5:   layout_cave_pods, chequers_serial_rivers_room_b, minmay_holes
Lair:6:   evilmike_catoblepas_cave, layout_long_grid, minmay_slime_entry_eyes,
          minivault_27, uniq_nessos
Orc:1:    layout_caves, nicolae_orc_damp_corner, uniq_maurice

Skill      XL: |  1  2  3  4  5  6  7  8  9 10 11 12 13 14 15 |
---------------+----------------------------------------------+-----
Earth Magic    | 4 5 6 7 8 9 10 11 12 13 | 13.5
Spellcasting   | 3 4 5 6 7 8 9 10 | 10.6
Conjurations   | 1 2 3 5 6 7 8 9 10 11 12 | 12.0
Fighting       | 2 3 5 6 7 9 10 | 10.9
Maces & Flails | 2 3 4 5 7 8 9 10 | 10.0
Armour         | 2 3 5 6 |  6.0
Evocations     | 2 3 4 5 6 |  6.0
Dodging        | 2 3 4 5 6 7 8 |  8.8
Fire Magic     | 4 6 |  6.6
Stealth        | |  2.1
Transmutations | |  0.7

Action                   |  1- 3 |  4- 6 |  7- 9 | 10-12 | 13-15 || total
-------------------------+-------+-------+-------+-------+-------++-------
Melee: Unarmed           |    45 |     5 |       |       |       ||    50
       Dagger            |       |   147 |   139 |       |       ||   286
       Mace              |       |       |    47 |   180 |   622 ||   849
       Double sword      |       |       |    44 |       |       ||    44
 Cast: Sandblast         |    26 |    57 |    88 |   121 |   145 ||   437
       Stone Arrow       |     1 |     1 |    10 |    24 |    35 ||    71
       Lee's Rapid Decon |       |       |    11 |    46 |   100 ||   157
       Bolt of Magma     |       |       |       |       |    49 ||    49
       Venom Bolt        |       |       |       |       |    29 ||    29
       Bolt of Fire      |       |       |       |       |    10 ||    10
 Abil: Evoke Invisibilit |       |       |       |     4 |     4 ||     8
       Fly               |       |       |       |       |     1 ||     1
Evoke: Wand              |       |       |     1 |    21 |    15 ||    37
       Lightning rod     |       |       |       |     2 |    10 ||    12
       Phial of floods   |       |       |       |       |     1 ||     1
  Use: Scroll            |       |     9 |     7 |     9 |    11 ||    36
       Potion            |       |       |       |     1 |     2 ||     3
 Stab: Sleeping          |     1 |     3 |     2 |     3 |     4 ||    13
       Distracted        |       |       |     1 |       |       ||     1
       Petrified         |       |       |       |       |     3 ||     3
       Invisible         |       |       |       |       |     1 ||     1
  Eat: Chunk             |     1 |     7 |    36 |    28 |    65 ||   137
       Ration            |       |     1 |       |       |       ||     1
Armor: Robe              |    22 |    61 |   141 |   112 |   288 ||   624
       Skin              |       |     1 |       |       |       ||     1
Dodge: Dodged            |    51 |   135 |   240 |   226 |   511 ||  1163
       Rpst.: Double sword |       |       |    17 |       |       ||    17

Table legend:
 A = Non-vault XP
 B = Vault XP
 C = Vault XP percentage of total XP
 D = Non-vault monster count
 E = Vault monster count
 F = Vault count percentage of total count
                 A         B        C        D         E       F
            +---------+---------+-------+---------+---------+-------
      Total |   82474 |   40736 |  33.1 |     512 |     122 |  19.2
            +---------+---------+-------+---------+---------+-------
        D:1 |      37 |       0 |   0.0 |      16 |       0 |   0.0
        D:2 |     227 |     108 |  32.2 |      30 |       3 |   9.1
        D:3 |      75 |      93 |  55.4 |      21 |       4 |  16.0
        D:4 |     467 |      96 |  17.1 |      22 |       1 |   4.3
        D:5 |     597 |       0 |   0.0 |      15 |       0 |   0.0
        D:6 |     397 |      49 |  11.0 |      10 |       3 |  23.1
        D:7 |    1018 |       0 |   0.0 |      36 |       0 |   0.0
        D:8 |     980 |     100 |   9.3 |      16 |       1 |   5.9
        D:9 |    3337 |    2601 |  43.8 |      20 |      10 |  33.3
       D:10 |    1884 |     304 |  13.9 |      22 |       8 |  26.7
       D:11 |    3425 |     800 |  18.9 |      34 |       1 |   2.9
       D:12 |    5872 |    7716 |  56.8 |      41 |      24 |  36.9
       D:13 |   11982 |    8308 |  40.9 |      42 |      21 |  33.3
       D:14 |   12311 |       0 |   0.0 |      39 |       0 |   0.0
     Lair:1 |    3935 |     918 |  18.9 |      25 |       1 |   3.8
     Lair:2 |    5879 |     565 |   8.8 |      20 |       1 |   4.8
     Lair:3 |    5885 |    2194 |  27.2 |      21 |      12 |  36.4
     Lair:4 |    7767 |    2798 |  26.5 |      21 |       6 |  22.2
     Lair:5 |    4526 |       0 |   0.0 |      15 |       0 |   0.0
     Lair:6 |   11301 |   14086 |  55.5 |      38 |      26 |  40.6
      Orc:1 |     572 |       0 |   0.0 |       8 |       0 |   0.0
            +---------+---------+-------+---------+---------+-------
